 Dungeon Crawl Stone Soup version 0.26-a0-720-g2a1d101370 (webtiles) character file.

Game seed: 8956069712959106239

28386 GordonOverkill the Carver (level 13, -5/90 HPs)
             Began as a Palentonga Chaos Knight on Nov 3, 2020.
             Was a Plaything of Xom.
             Slain by a six-headed hydra (7 damage)
             ... on level 4 of the Lair of Beasts.
             The game lasted 00:38:04 (21182 turns).

GordonOverkill the Carver (PaCK)                   Turns: 21182, Time: 00:38:05

Health: -5/90      AC: 20    Str: 33      XL:     13   Next: 9%
Magic:  13/13      EV:  8    Int: 10 (12) God:    Xom [......]
Gold:   1233       SH:  0    Dex: 10      Spells: 12/12 levels left

rFire    . . .     SeeInvis +   b - +1 hand axe (flame)
rCold    + . .     Faith    .   i - +0 kite shield
rNeg     . . .     Spirit   .   M - +2 scale mail {rC+}
rPois    .         Reflect  +   x - +2 helmet
rElec    .         Harm     .   e - scarf {+Inv}
rCorr    .         Rampage  .   w - +0 pair of gloves
MR       .....                  (no barding)
Stlth    ..........             r - amulet of reflection
HPRegen  0.00/turn              f - +6 ring of strength
MPRegen  0.13/turn              I - +6 ring of strength

@: confused, very slightly contaminated
A: large, rugged brown scales 3, see invisible, deformed body, deterioration 1,
frail 2, inhibited regeneration, evolution 1, roll, armoured tail, reflexive
curl
a: Rolling Charge, Renounce Religion, Evoke Invisibility


You were on level 4 of the Lair of Beasts.
You worshipped Xom.
You were a very special plaything of Xom.
You visited 2 branches of the dungeon, and saw 17 of its levels.
You also visited: Ossuary.

You collected 1233 gold pieces.

Inventory:

Hand Weapons
 a - the +8 double sword of Hard Scrabble {vorpal, Dex+8}
   (You found it on level 8 of the Dungeon)

   It inflicts extra damage upon your enemies.
   It affects your dexterity (+8).
 b - a +1 hand axe of flaming (weapon)
 u - a +1 vorpal double sword
Armour
 e - a scarf of invisibility (worn)
 i - a +0 kite shield (worn)
 w - a +0 pair of gloves (worn)
 x - a +2 helmet (worn)
 M - a +2 scale mail of cold resistance (worn)
Jewellery
 c - an uncursed ring of fire
 f - a +6 ring of strength (left hand)
 r - an amulet of reflection (around neck)
 A - an uncursed amulet of magic regeneration {unknown}
 I - a +6 ring of strength (right hand)
Wands
 o - a wand of random effects (49)
 p - a wand of flame (29)
 E - a wand of acid (4)
 G - a wand of polymorph (12)
 H - a wand of iceblast (13)
 N - a wand of digging (6)
Scrolls
 j - 5 scrolls of teleportation
 k - 6 scrolls of amnesia
 n - 11 scrolls of remove curse
 y - 2 scrolls of immolation
 z - a scroll of silence
 C - a scroll of fog
 F - 3 scrolls of identify
Potions
 d - 3 potions of flight
 g - 2 potions of resistance
 l - 3 potions of might
 m - a potion of magic
 q - 5 potions of haste
 s - 4 potions of brilliance
 t - 4 potions of stabbing
 v - 3 potions of curing
 B - 2 potions of ambrosia
 D - 2 potions of cancellation
 J - a potion of lignification


   Skills:
 + Level 6.6 Fighting
 - Level 14.0 Long Blades
 - Level 10.0 Axes
 - Level 4.0 Armour
 - Level 0.7 Dodging
 + Level 7.4 Shields
 - Level 8.0 Evocations


You had 12 spell levels left.
You didn't know any spells.
Your spell library contained the following spells:

 Spells                   Type           Power        Failure   Level
 Sandblast                Erth           #.....       71%         1
 Passwall                 Tmut/Erth      #.......     83%         2
 Poisonous Vapours        Pois/Air       #.....       83%         2
 Conjure Flame            Conj/Fire      #.......     97%         3
 Mephitic Cloud           Conj/Pois/Air  #.......     97%         3
 Stone Arrow              Conj/Erth      #.....       97%         3
 Petrify                  Tmut/Erth      #.......     100%        4
 Lee's Rapid Deconstruct  Erth           #.........   100%        5
 Freezing Cloud           Conj/Ice/Air   #.........   100%        6


Dungeon Overview and Level Annotations

Branches:
Dungeon (11/15)            Temple (0/1) D:5            Lair (6/6) D:8
 Shoals (0/4) Lair:4          Orc (0/2) D:11        Ossuary (visited)
  Snake: Lair:2-4    Spider: Lair:2-4     Slime: Lair:5-6

Altars:
Cheibriados
Fedhas
Gozag
Makhleb
Ru
Sif Muna
Trog
Wu Jian
Xom
Yredelemnul
Zin
The Shining One
Beogh

Shops:
D:10 (

Annotations:
Lair:2 exclusion: 2 oklob plants


Innate Abilities, Weirdness & Mutations

You are completely covered in rugged brown scales. (AC +3, +7% HP)
You have supernaturally acute eyesight. (SInv)
Armour fits poorly on your strangely shaped body.
You can roll at foes to attack.
You have a long armoured tail.
You curl defensively after being hit.
Your body sometimes deteriorates upon taking damage.
You are very frail. (-20% HP)
You do not regenerate when monsters are visible.
You evolve.


Message History

The six-headed hydra blinks!
You flicker for a moment.
You are now a toy of Xom.
You flicker back into view. "See what I see, my child!"
You detect items!
You are now a special plaything of Xom.
Xom's power touches on your mind for a moment.
You are confused.
You are now a very special plaything of Xom.
You bump into the rock wall.
The six-headed hydra bites you but does no damage.
The six-headed hydra bites you!
* * * LOW HITPOINT WARNING * * *
The six-headed hydra bites you.
* * * LOW HITPOINT WARNING * * *
The six-headed hydra bites you but does no damage.
The six-headed hydra bites you!
You die...
Xom cackles wildly!

##.......######.#
##.......# ###
#........##
##.........#
#P..|.....##
#.......[.##
#........(.#
#≈≈##
##.....D..##
≈≈≈≈# #.....@.##
#≈≈≈≈#
#......#.###
≈≈≈≈≈#
##....###†.#
#≈≈≈≈# #...#
#...##≈≈≈≈# ####
##....)≈≈#
##....≈## #.P...#
# #.....# #
#.....####


You could see a six-headed hydra.

Vanquished Creatures
  Josephine (D:11)
  Erolcha (D:10)
  Harold (Lair:2)
  3 hydras
  Pikel (D:3)
  An oklob plant (Lair:2)
  4 elephants
  A merfolk siren (Lair:4)
  6 cane toads
  4 rime drakes
  Maggie (D:7)
  5 komodo dragons
  A wandering mushroom (Lair:2)
  A tyrant leech (Lair:2)
  A queen bee (Lair:3)
  2 polar bears
  2 blink frogs (Lair:3)
  5 dream sheep (Lair:4)
  A yak (shapeshifter) (Lair:1)
  5 wraiths (D:11)
  6 wyverns
  34 yaks
  2 basilisks
  A hog (D:9)
  Eustachio (D:6)
  6 water moccasins
  A black bear (Lair:1)
  An orc warrior (D:10)
  3 sky beasts
  An ice beast (D:7)
  A black bear (shapeshifter) (Ossuary)
  5 ogres
  3 wolves
  2 centaurs
  4 lemures (D:3)
  A big kobold (D:9)
  Blork the orc (D:8)
  A gnoll sergeant (D:8)
  14 bullfrogs
  A water moccasin skeleton (D:8)
  4 scorpions
  23 killer bees
  13 wights
  2 howler monkeys
  2 centaur zombies
  A quasit (D:10)
  2 bullfrog zombies
  7 hounds
  A bullfrog skeleton (D:6)
  Crazy Yiuf (D:6)
  3 centaur skeletons
  2 human zombies (Ossuary)
  5 orc priests
  2 jellies
  6 orc wizards
  An iron imp (D:8)
  4 iguanas
  4 worker ants
  A killer bee zombie (D:8)
  2 big kobold zombies (Ossuary)
  3 mummies (Ossuary)
  Robin (D:4)
  A worker ant zombie (D:10)
  10 adders
  10 gnolls
  A howler monkey skeleton (D:11)
  5 scorpion zombies (Ossuary)
  A river rat (Lair:3)
  2 white imps
  An ufetubus (D:8)
  5 oozes
  An adder zombie (D:5)
  7 worms
  A dart slug (D:5)
  6 leopard geckos
  53 orcs
  3 ball pythons
  11 giant cockroaches
  15 goblins
  8 hobgoblins
  24 jackals
  3 quokkas
  5 bats
  6 frilled lizards
  2 gnoll zombies (Ossuary)
  A goblin skeleton (D:8)
  6 goblin zombies
  5 hobgoblin zombies
  3 jackal skeletons
  A jackal zombie (D:5)
  12 kobolds
  A kobold skeleton (D:8)
  3 kobold zombies
  2 orc skeletons (D:8)
  An orc zombie (D:8)
  A quokka zombie (D:6)
  8 rats
451 creatures vanquished.

Vanquished Creatures (collateral kills)
  A cane toad (Lair:3)
  A rime drake (Lair:3)
  A basilisk (Lair:3)
  A water moccasin (Lair:3)
  A scorpion (Ossuary)
  9 killer bees (Lair:3)
  2 wights (D:8)
  2 human zombies (Ossuary)
18 creatures vanquished.

Vanquished Creatures (others)
  Grinder (D:3)
  A yak (Lair:2)
  A rat (D:3)
  9 fungi
  19 plants
31 creatures vanquished.

Grand Total: 500 creatures vanquished

Notes
Turn   | Place    | Note
-------+----------+-------------------------------------------
     0 | D:1      | GordonOverkill the Palentonga Chaos Knight began the quest
                  | for the Orb.
     0 | D:1      | Reached XP level 1. HP: 20/20 MP: 1/1
     1 | D:1      | Found a runed translucent door.
   183 | D:1      | Reached XP level 2. HP: 27/27 MP: 2/2
   231 | D:1      | XOM: silly message
   280 | D:1      | XOM: divination: magic mapping
   364 | D:1      | XOM: divination: magic mapping
   496 | D:1      | XOM: silly message
   716 | D:1      | XOM: chaos cloud
   717 | D:1      | Reached skill level 1 in Evocations
   717 | D:1      | Reached XP level 3. HP: 30/33 MP: 3/3
   978 | D:2      | Found a faded altar of an unknown god.
   985 | D:1      | Reached XP level 4. HP: 36/40 MP: 4/4
  1165 | D:2      | XOM: summons 3 hostile demons
  1169 | D:2      | XOM: enchant monster (good)
  1172 | D:2      | XOM: enchant monster (good)
  1200 | D:2      | Found a burning altar of Makhleb.
  1222 | D:1      | Reached XP level 5. HP: 12/48 MP: 5/5
  1478 | D:2      | Reached skill level 5 in Axes
  1801 | D:2      | XOM: silly message
  1834 | D:2      | XOM is BORED!
  1834 | D:2      | XOM: stat loss: -1 Int (11/12)
  1845 | D:2      | Found a glowing silver altar of Zin.
  2255 | D:3      | XOM: enchant monster (bad)
  2263 | D:3      | XOM: enchant monster (bad)
  2268 | D:3      | XOM: 2-stop teleportation journey
  2419 | D:3      | XOM: divination: detect creatures
  2427 | D:3      | Reached XP level 6. HP: 52/54 MP: 6/6
  2994 | D:3      | XOM: enchant monster (good)
  3134 | D:3      | Noticed Grinder
  3141 | D:3      | Paralysed by Grinder for 7 turns
  3146 | D:3      | Killed Grinder
  3146 | D:3      | XOM: divine lightning
  3277 | D:4      | Found a basalt altar of Yredelemnul.
  3430 | D:4      | Noticed Pikel
  3448 | D:4      | XOM: scenery: create altars
  3619 | D:3      | XOM: god gift: 35 gold pieces
  3655 | D:3      | XOM: enchant monster (good)
  3662 | D:3      | XOM: scenery: create altars
  3852 | D:3      | Killed Pikel
  3852 | D:3      | Gained mutation: You curl defensively after being hit.
                  | [Palentonga growth]
  3852 | D:3      | Reached XP level 7. HP: 46/60 MP: 7/7
  3985 | D:3      | XOM: give mutation
  3985 | D:3      | Gained mutation: You evolve. [Xom's grace]
  4129 | D:4      | Found an ornate altar of the Wu Jian Council.
  4149 | D:4      | Found a snail-covered altar of Cheibriados.
  4254 | D:4      | XOM: scenery: summon butterflies
  4281 | D:4      | XOM: god gift: scroll labeled XARYOL BEGAOSCH {god gift}
  4432 | D:4      | Noticed Robin
  4443 | D:4      | Killed Robin
  4684 | D:4      | XOM: give mutation
  4684 | D:4      | Gained mutation: You are dopey. (Int -2) [Xom's mischief]
  4802 | D:5      | Entered Level 5 of the Dungeon
  4851 | D:5      | Found a sand-covered staircase.
  4853 | D:5      | XOM: 1-stop teleportation journey
  4919 | D:5      | Found a staircase to the Ecumenical Temple.
  4968 | Ossuary  | Entered an ossuary
  5114 | Ossuary  | XOM: swap monsters
  5132 | Ossuary  | Reached XP level 8. HP: 43/67 MP: 8/8
  5148 | Ossuary  | XOM: chaos cloud
  5189 | Ossuary  | XOM: 2-stop teleportation journey
  5474 | Ossuary  | Noticed a shapeshifter
  5474 | Ossuary  | a scorpion changed into a shapeshifter
  5474 | Ossuary  | XOM: polymorph scorpion -> shapeshifter
  5474 | Ossuary  | Noticed a troll
  5474 | Ossuary  | a shapeshifter changed into a troll
  5479 | Ossuary  | a troll changed into a golden eye
  5481 | Ossuary  | Noticed a troll
  5481 | Ossuary  | a golden eye changed into a troll
  5490 | Ossuary  | Noticed a shapeshifter
  5490 | Ossuary  | a troll changed into a shapeshifter
  5490 | Ossuary  | XOM: polymorph troll -> shapeshifter
  5490 | Ossuary  | Noticed a black mamba
  5490 | Ossuary  | a shapeshifter changed into a black mamba
  5491 | Ossuary  | Noticed a shapeshifter
  5491 | Ossuary  | a black mamba changed into a shapeshifter
  5492 | Ossuary  | a shapeshifter changed into a black bear
  5517 | Ossuary  | XOM: stat loss: -1 Int (9/10)
  5551 | Ossuary  | XOM: silly message
  5815 | Ossuary  | XOM: cast spell 'Summon Dragon'
  5932 | Ossuary  | Gained mutation: You do not regenerate when monsters are
                  | visible. [evolution]
  6332 | D:5      | Reached skill level 5 in Fighting
  6383 | D:5      | XOM: divination: detect creatures
  7163 | D:6      | XOM: potion effect (stabbing)
  7456 | D:6      | XOM: potion effect (invisibility)
  7499 | D:6      | Found a bloodstained altar of Trog.
  7521 | D:6      | Reached XP level 9. HP: 80/80 MP: 9/9
  7549 | D:6      | Noticed Eustachio
  7555 | D:6      | Killed Eustachio
  7619 | D:6      | XOM: cloud trail
  7670 | D:6      | Found an opulent altar of Gozag.
  7680 | D:6      | XOM: silly message
  7970 | D:6      | Found a runed translucent door.
  7971 | D:6      | Noticed Crazy Yiuf
  8069 | D:6      | XOM: scenery: summon butterflies
  8142 | D:6      | Killed Crazy Yiuf
  8384 | D:7      | XOM: give mutation
  8384 | D:7      | Gained mutation: You are weak. (Str -2) [Xom's mischief]
  8802 | D:7      | Noticed Maggie
  8808 | D:7      | XOM: summons 5 hostile demons
  8809 | D:7      | Noticed a hellwing
  8809 | D:7      | Noticed an ice devil
  8816 | D:7      | Killed Maggie
  9275 | D:7      | XOM is BORED!
  9532 | D:8      | Lost mutation: You are dopey. (Int -2) [evolution]
  9641 | D:8      | XOM: summons 3 hostile shadow creatures
  9848 | D:8      | Found a shimmering blue altar of Sif Muna.
  9903 | D:8      | Reached skill level 1 in Shields
  9907 | D:8      | XOM: give mutations
  9907 | D:8      | Lost mutation: You are weak. (Str -2) [Xom's mischief]
  9907 | D:8      | Gained mutation: You are dopey. (Int -2) [Xom's mischief]
 10033 | D:8      | XOM: 5-stop teleportation journey
 10038 | D:8      | XOM: summons 4 friendly demons
 10146 | D:8      | XOM: summons 4 hostile shadow creatures
 10147 | D:8      | Noticed a two-headed ogre
 10151 | D:8      | Found a staircase to the Lair.
 10153 | D:8      | XOM: repel stairs
 10175 | D:8      | XOM: 1-stop teleportation journey
 10176 | D:8      | Noticed Blork the orc
 10190 | Lair:1   | Entered Level 1 of the Lair of Beasts
 10255 | Lair:1   | Noticed a six-headed hydra
 10261 | Lair:1   | Killed a six-headed hydra
 10261 | Lair:1   | Reached XP level 10. HP: 66/88 MP: 10/10
 10503 | Lair:1   | XOM: summons 6 hostile demons
 10510 | Lair:1   | Gained mutation: You are frail. (-10% HP) [a neqoxec]
 10546 | D:8      | XOM: scenery: summon butterflies
 10586 | D:8      | XOM: cast spell 'Cause Fear'
 10598 | D:8      | XOM: scenery: summon butterflies
 11051 | D:8      | XOM: scenery: create altars
 11088 | D:8      | Reached skill level 10 in Axes
 11097 | D:8      | Found a glowing golden altar of the Shining One.
 11106 | D:8      | XOM: god gift: clouded turquoise ring {god gift}
 11114 | D:8      | Got a clouded turquoise ring {god gift}
 11117 | D:8      | Identified the ring of the Omega Point {Wiz Str+4} (Xom
                  | gifted it to you on level 8 of the Dungeon)
 11157 | D:8      | XOM: 2-stop teleportation journey
 11189 | D:8      | Killed Blork the orc
 11280 | D:8      | Got a translucent double sword
 11281 | D:8      | Identified the +8 double sword of Hard Scrabble {vorpal,
                  | Dex+8} (You found it on level 8 of the Dungeon)
 11511 | D:8      | XOM: god gift: 28 stones
 11856 | D:9      | Reached skill level 1 in Long Blades
 11872 | D:9      | Reached skill level 2 in Long Blades
 11878 | D:9      | XOM is BORED!
 11878 | D:9      | XOM: swap monsters
 11992 | D:9      | Reached skill level 3 in Long Blades
 12003 | D:9      | XOM: polymorph eye of draining -> hog
 12224 | D:9      | XOM: enchant monster (good)
 12237 | D:9      | Reached skill level 4 in Long Blades
 12281 | D:9      | XOM: draining
 12302 | D:9      | Found a roughly hewn altar of Beogh.
 12308 | D:9      | XOM: cleaving
 12731 | D:10     | Entered Level 10 of the Dungeon
 12778 | D:10     | Reached skill level 5 in Long Blades
 12845 | D:10     | Found a blossoming altar of Fedhas.
 12876 | D:10     | XOM: stat loss: -1 Int (9/10)
 12909 | D:10     | Found a sacrificial altar of Ru.
 13040 | D:10     | Noticed Erolcha
 13043 | D:10     | Killed Erolcha
 13043 | D:10     | Reached skill level 6 in Long Blades
 13070 | D:10     | Gained mutation: You occasionally shout uncontrollably at
                  | your foes. [evolution]
 13168 | D:10     | Reached XP level 11. HP: 86/86 MP: 11/11
 13176 | D:10     | Reached skill level 5 in Shields
 13274 | D:10     | Found Rehoul's Antique Weapon Boutique.
 13671 | D:11     | XOM: polymorph wyvern -> wolf
 13679 | D:11     | Reached skill level 7 in Long Blades
 13758 | D:11     | Noticed Josephine
 13762 | D:11     | XOM: cast spell 'Alistair's Intoxication'
 13772 | D:11     | XOM: confuse monster(s)
 13778 | D:11     | Killed Josephine
 14019 | D:11     | XOM: 1-stop teleportation journey
 14020 | D:11     | Found a staircase to the Orcish Mines.
 14054 | D:11     | XOM: summons friendly ufetubus
 14056 | D:11     | Reached skill level 8 in Long Blades
 14057 | D:11     | XOM: confusion (+ monsters)
 14171 | D:11     | XOM: scenery: 2 doors open, 1 doors close
 14588 | D:11     | XOM: scenery: 1 doors open, 2 doors close
 14726 | Lair:1   | Noticed a five-headed hydra
 14747 | Lair:1   | Killed a two-headed hydra
 14747 | Lair:1   | Reached skill level 9 in Long Blades
 15096 | Lair:1   | XOM: confusion
 15099 | Lair:1   | XOM: enchant monster (good)
 15441 | Lair:1   | XOM: polymorph yak -> shapeshifter
 15441 | Lair:1   | Noticed an orb spider
 15441 | Lair:1   | a shapeshifter changed into an orb spider
 15454 | Lair:1   | an orb spider changed into a yak
 15582 | Lair:1   | XOM: god gift: potion of heal wounds
 15706 | Lair:1   | You fall into a shaft and drop 1 floor!
 15707 | Lair:2   | Noticed an oklob plant
 15707 | Lair:2   | Noticed an oklob plant
 15707 | Lair:2   | Noticed an oklob plant
 15707 | Lair:2   | Noticed an oklob plant
 15869 | Lair:2   | XOM: 1-stop teleportation journey
 16051 | Lair:2   | XOM: summons friendly white imp
 16053 | Lair:2   | XOM: destruction
 16059 | Lair:2   | Reached skill level 10 in Long Blades
 16112 | Lair:2   | Noticed Harold
 16122 | Lair:2   | XOM: god gift: blackened bone wand {god gift}
 16129 | Lair:2   | Killed Harold
 16129 | Lair:2   | Reached XP level 12. HP: 55/93 MP: 12/12
 16145 | Lair:2   | XOM: enchant monster (good)
 16595 | Lair:2   | XOM: god gift: thick smoking staff {god gift}
 16867 | Lair:2   | XOM: give mutations
 16867 | Lair:2   | Gained mutation: You are very frail. (-20% HP) [Xom's
                  | mischief]
 16867 | Lair:2   | Gained mutation: You are extremely frail. (-30% HP) [Xom's
                  | mischief]
 16867 | Lair:2   | Lost mutation: You are extremely frail. (-30% HP) [Xom's
                  | mischief]
 16867 | Lair:2   | Gained mutation: You are very dopey. (Int -4) [Xom's
                  | mischief]
 17515 | Lair:2   | XOM: 6-stop teleportation journey
 17555 | Lair:2   | Reached skill level 11 in Long Blades
 17618 | Lair:2   | XOM: cast spell 'Leda's Liquefaction'
 17787 | Lair:2   | XOM: god gift: 29 gold pieces
 18109 | Lair:3   | Noticed an eight-headed hydra
 18118 | Lair:2   | an eight-headed hydra changed into a tyrant leech
 18118 | Lair:2   | XOM: polymorph eight-headed hydra -> tyrant leech
 18555 | Lair:3   | XOM: god gift: 25 stones
 18566 | Lair:3   | XOM: 1-stop teleportation journey
 19024 | Lair:3   | You fall into a shaft and drop 3 floors!
 19024 | Lair:6   | Entered Level 6 of the Lair of Beasts
 19102 | Lair:5   | XOM: silly message
 19104 | Lair:5   | XOM: noise
 19115 | Lair:5   | Reached skill level 12 in Long Blades
 19172 | Lair:5   | XOM: divination: detect creatures
 19174 | Lair:5   | XOM: noise
 19193 | Lair:5   | XOM: noise
 19230 | Lair:5   | XOM: 1-stop teleportation journey
 19267 | Lair:4   | XOM: 6-stop teleportation journey
 19277 | Lair:4   | XOM: noise
 19520 | Lair:3   | XOM: summons friendly quasit
 19521 | Lair:3   | XOM: summons friendly sun demon
 19552 | Lair:3   | Reached skill level 13 in Long Blades
 19661 | Lair:3   | XOM: summons 7 hostile demons
 19926 | Lair:3   | XOM: give mutations
 19926 | Lair:3   | Gained mutation: Your body sometimes deteriorates upon
                  | taking damage. [Xom's mischief]
 19926 | Lair:3   | Lost mutation: You are very dopey. (Int -4) [Xom's
                  | mischief]
 19926 | Lair:3   | Lost mutation: You are dopey. (Int -2) [Xom's mischief]
 19926 | Lair:3   | Lost mutation: You occasionally shout uncontrollably at
                  | your foes. [Xom's mischief]
 19986 | Lair:3   | XOM: 4-stop teleportation journey
 20003 | Lair:3   | XOM: god gift: robe {god gift}
 20326 | Lair:3   | XOM: god gift: short sword {god gift}
 20614 | Lair:4   | Noticed a seven-headed hydra
 20619 | Lair:4   | Killed a seven-headed hydra
 20698 | Lair:4   | Reached XP level 13. HP: 66/88 MP: 13/13
 20838 | Lair:4   | Reached skill level 14 in Long Blades
 21032 | Lair:4   | Found a staircase to the Shoals.
 21163 | Lair:4   | XOM: blink monster(s)
 21172 | Lair:4   | XOM: divination: detect items
 21181 | Lair:4   | XOM: confusion
 21182 | Lair:4   | HP: 2/90 [six-headed hydra (4)]
 21182 | Lair:4   | Slain by a six-headed hydra

Illustrated notes

Levels and vault maps discovered:
D:1:      dpeg_arrival_caged_fury, layout_basic
D:2:      layout_rooms, zin_academy, makhleb_heckhound_becter,
          chequers_ecumenical_altar_simple
D:3:      layout_basic, uniq_grinder
D:4:      layout_cave_pods, lemuel_crystal_altar, yredelemnul_altar_generic,
          cheibriados_altar_1, uniq_pikel, uniq_robin
D:5:      layout_layer_cave, minmay_temple_entry_junction_2, enter_ossuary_1
D:6:      layout_cave_pools, lemuel_crystal_altar, nicolae_gozag_seed_capital,
          uniq_crazy_yiuf_cottage, uniq_eustachio
D:7:      layout_loops_ring, uniq_maggie
D:8:      layout_basic, nicolae_tso_besieged_by_evil, dpeg_oklobed_lair,
          basic_altar, grunt_decor_junction, sword_in_stone
D:9:      layout_roguey [special_room_orc]
D:10:     layout_stronghold, serial_shops, kennysheep_mini_moat, basic_altar,
          nicolae_ru_path_of_blood, uniq_erolcha
D:11:     layout_roguey, orc_0_dummy, uniq_josephine
Lair:1:   layout_gridlike, lemuel_another_geyser
Lair:2:   layout_concentric_octagons, minmay_lair_oklob_chamber, uniq_harold
Lair:3:   regret_index_combs_of_tragedy, layout_loops_ring,
          beast_lair_carwin_11, lemuel_fruit_tree, serial_bayou_shore_b
Lair:4:   layout_cave_pods, minmay_shoals_entry_lonely_mermaid,
          nicolae_spider_entry_orb_guardian, gauntlet_entry_generic
Lair:5:   layout_long_grid, grunt_megastairs_1
Lair:6:   grunt_lair_end_beastmaster, layout_regular_city, slime_altar_1,
          uniq_sonja, uniq_nessos

Skill      XL: |  1  2  3  4  5  6  7  8  9 10 11 12 13 |
---------------+----------------------------------------+-----
Evocations     | 1 2 3 6 7 8 |  8.0
Axes           | 4 5 6 9 10 | 10.0
Fighting       | 6 |  6.6
Armour         | 3 4 |  4.0
Shields        | 2 4 6 7 |  7.4
Long Blades    | 6 10 13 14 | 14.0
Dodging        | |  0.7

Action                   |  1- 3 |  4- 6 |  7- 9 | 10-12 | 13-15 || total
-------------------------+-------+-------+-------+-------+-------++-------
Melee: Hand axe          |    27 |       |       |     8 |     4 ||    39
       Tailslap          |     5 |    27 |    99 |   119 |     4 ||   254
       Dagger            |    42 |   224 |   488 |       |       ||   754
       Unarmed           |    12 |       |       |       |       ||    12
       Spear             |       |       |    19 |   105 |       ||   124
       Whip              |       |       |     5 |       |       ||     5
       Double sword      |       |       |       |   455 |    18 ||   473
 Abil: Rolling Charge    |    12 |     3 |    18 |    28 |       ||    61
       Evoke Invisibilit |       |       |     2 |       |     1 ||     3
Evoke: Wand              |       |       |     5 |    45 |     1 ||    51
  Use: Scroll            |       |     2 |    15 |     8 |     1 ||    26
       Potion            |       |     4 |     9 |     4 |       ||    17
 Stab: Petrifying        |       |     2 |       |       |       ||     2
       Paralysed         |       |     2 |       |     1 |       ||     3
       Invisible         |       |       |     2 |       |       ||     2
       Confused          |       |       |       |     5 |       ||     5
       Distracted        |       |       |       |     3 |       ||     3
Armor: Leather armour    |    27 |     2 |       |       |       ||    29
       Chain mail        |       |   185 |   268 |       |       ||   453
       Acid dragon scale |       |       |    17 |    36 |       ||    53
       Scale mail        |       |       |       |   106 |    11 ||   117
Dodge: Dodged            |    31 |    88 |   161 |   101 |    14 ||   395
Block: Other             |       |       |    89 |       |       ||    89
       Kite shield       |       |       |    54 |   444 |    28 ||   526
       Reflection        |       |       |       |    11 |     1 ||    12
       Rpst.: Double sword |       |       |       |    29 |     1 ||    30

Table legend: (Time is in decaauts)
 A = Elapsed time spent in this place.
 B = Non-inter-level travel time spent in this place.
 C = Inter-level travel time spent in this place.
 D = Time resting spent in this place.
 E = Time spent auto-exploring this place.
 F = Levels seen in this place.
 G = Mean time per level.
                   A        B        C        D        E       F      G
               +--------+--------+--------+--------+--------+-----+--------+
         Total |  21246 |  20362 |    884 |   7364 |   9436 |  18 | 1180.3 |
       Dungeon |  13441 |  12689 |    752 |   3242 |   7108 |  11 | 1221.9 |
          Lair |   6794 |   6663 |    131 |   3625 |   2206 |   6 | 1132.3 |
       Ossuary |   1010 |   1010 |      0 |    496 |    121 |   1 | 1010.0 |
               +--------+--------+--------+--------+--------+-----+--------+

Top non-repeatable levels by time:
  Lair:2: 2563 daAuts
  Lair:3: 2047 daAuts
     D:8: 1935 daAuts
     D:3: 1921 daAuts
     D:7: 1392 daAuts
     D:5: 1391 daAuts
  Lair:1: 1334 daAuts
     D:1: 1245 daAuts
    D:11: 1037 daAuts
     D:4: 1012 daAuts
 Ossuary: 1010 daAuts
     D:6: 1000 daAuts
     D:9: 943 daAuts
    D:10: 911 daAuts
     D:2: 648 daAuts
